Map: LotV Custom - Nimbus LE - Archon Mode

Players

kvaziBog - Winner!

  • Race: Terran Terran

Bob

  • Race: Terran Terran
  • League: Silver
  • Spawn Location: 5:00

Hindulaatti - Winner!

  • Race: Protoss Protoss
  • League: Platinum
  • Spawn Location: 11:00

Immortal

  • Race: Protoss Protoss

Neon

  • Race: Zerg Zerg
  • League: Gold

VOD

Have the link to the VOD?

Description

Time

  • Played on: March 31, 2015, 5:53 a.m.
  • Length: 10:23
Show
View Real Time Build Order
Export as new Build Order

kvaziBog Terran - Winner!

Build Orders:  

Get SALT Encoding   

Show
View Real Time Build Order
Export as new Build Order

Bob Terran 

Build Orders: Reaper Expand, MMM Bio 

Get SALT Encoding   

  12  0:01  SCV  
  13  0:14  SCV  
  14  0:20  Supply Depot  
  14  0:26  SCV  
  15  0:41  SCV  
  16  0:43  Barracks  
  16  0:54  SCV  
  17  0:59  Refinery  
  17  1:06  SCV  
  18  1:15  Supply Depot  
  18  1:18  SCV  
  19  1:30  Orbital Command  
  19  1:39  Reaper  
  20  1:48  Command Center  
  20  1:56  SCV  
  21  2:12  SCV  
  21  2:15  Marine  
  23  2:16  Factory  
  23  2:27  SCV  
  24  2:32  Supply Depot  
  24  2:35  Marine  
  26  2:51  SCV, Barracks x2  
  26  2:53  Marine  
  27  3:04  Orbital Command  
  27  3:05  SCV  
  28  3:08  Widow Mine  
  28  3:11  Marine  
  31  3:13  Refinery  
  31  3:31  SCV  
  31  3:32  SCV  
  33  3:46  Barracks Tech Lab, Barracks Reactor  
  33  3:48  Barracks Reactor  
  33  3:50  Engineering Bay  
  33  3:51  Refinery  
  33  3:53  Supply Depot, SCV x2  
  35  3:56  Factory Reactor  
  35  3:58  Starport  
  35  4:05  SCV x2  
  37  4:16  Marauder  
  39  4:17  SCV  
  39  4:18  Stimpack  
  39  4:21  Supply Depot x2  
  40  4:26  SCV  
  40  4:28  Terran Infantry Weapons Level 1  
  40  4:29  SCV  
  40  4:31  Marine x2  
  42  4:32  Marine x2  
  45  4:48  Marauder  
  45  4:49  Marine x2  
  45  4:50  Marine x2  
  45  4:51  Medivac  
  53  4:56  Barracks  
  53  4:58  Supply Depot  
  53  5:05  Medivac  
  53  5:07  Marine x2  
  55  5:08  Marine x2  
  55  5:09  Marauder  
  55  5:10  Supply Depot  
  55  5:11  SCV  
  55  5:14  SCV  
  63  5:21  Medivac  
  65  5:31  Marine x2  
  65  5:32  Marauder, Marine x2  
  71  5:35  Medivac  
  71  5:38  Supply Depot  
  71  5:42  Supply Depot, SCV  
  74  5:43  SCV  
  74  5:45  Barracks Tech Lab  
  75  5:53  Marauder  
  75  5:56  Marine x2  
  75  5:57  Marine x2  
  79  6:04  Medivac, Widow Mine  
  81  6:05  Medivac  
  81  6:10  Marauder  
  89  6:14  Marauder, Marine x4  
  89  6:17  SCV  
  89  6:18  SCV  
  97  6:30  Marine  
  97  6:32  Marine  
  99  6:35  SCV x2  
  99  6:36  Marauder, Marine x3  
  104  6:49  Marauder, Marine  
  107  7:04  Marauder, Marine  
  110  7:09  Supply Depot  
  110  7:11  Supply Depot  
  110  7:13  Supply Depot  
  110  7:17  Marine  
  110  7:18  Marine x2  
  110  7:20  Medivac  
  110  7:21  Marauder  
  110  7:22  Marine  
  109  7:30  Widow Mine  
  109  7:31  Medivac, Marauder  
  109  7:35  Marine, SCV x2  
  109  7:36  Marine x2  
  120  7:40  Supply Depot x2  
  120  7:42  Supply Depot  
  120  7:43  Marauder, Concussive Shells, Supply Depot  
  122  7:45  Combat Shields  
  122  7:50  Medivac  
  119  7:59  Marauder, Marine x4  
  119  8:01  Medivac  
  119  8:04  Marauder  
  128  8:26  Marauder x2, Marine x4  
  136  8:28  Medivac, Widow Mine  
  136  8:31  Medivac  
  142  8:44  Marine  
  142  8:47  Command Center  
  143  8:51  Refinery  
  143  9:02  Factory Tech Lab  
  143  9:03  Medivac x2  
  147  9:12  Engineering Bay  
  147  9:16  Supply Depot  
  147  9:17  Armory  
  147  9:21  Supply Depot  
  143  9:46  Marauder  
  143  9:47  Barracks Reactor  
  143  9:48  Marine x4  
  143  10:13  Command Center  
Show
View Real Time Build Order
Export as new Build Order

Hindulaatti Protoss - Winner!

Build Orders:  

Get SALT Encoding   

  12  0:07  Drone  
  13  0:16  Drone  
  14  0:32  Overlord  
  14  0:33  Overlord  
  14  0:45  Spawning Pool  
  13  0:56  Overlord  
  13  1:01  Drone x2  
  15  1:24  Drone x2  
  17  1:29  Extractor  
  17  1:31  Queen  
  18  1:49  Hatchery  
  17  2:01  Extractor  
  17  2:03  Roach Warren  
  15  2:13  Zergling x4  
  17  2:19  Drone  
  18  2:31  Drone  
  19  2:39  Drone  
  19  2:41  Drone x2  
  21  3:01  Queen  
  21  3:04  Zergling x2  
  24  3:10  Roach  
  26  3:26  Spine Crawler  
  23  3:31  Drone x2  
  27  3:34  Roach  
  29  3:47  Drone  
  29  3:48  Drone x2  
  32  4:04  Drone  
  34  4:19  Overlord  
  34  4:22  Roach x3  
  40  4:40  Drone  
  40  4:41  Drone x5  
  46  4:48  Spine Crawler  
  48  5:14  Drone  
  48  5:15  Drone x2  
  48  5:18  Hatchery  
  50  5:28  Drone  
  50  5:34  Drone  
  52  5:37  Overlord  
  52  5:38  Overlord  
  52  5:49  Overlord  
  52  6:18  Queen  
  52  6:24  Spore Crawler  
  53  6:27  Drone x3  
  53  6:28  Drone x4, Spore Crawler  
  53  6:29  Drone  
  54  6:59  Zergling x6, Overlord  
  54  7:00  Zergling x8  
  61  7:17  Burrow  
  59  7:26  Drone x3  
  59  7:29  Metabolic Boost  
  62  7:36  Roach  
  62  7:37  Roach x3  
  66  8:03  Spore Crawler  
  66  8:04  Queen  
  67  8:05  Spore Crawler  
  67  8:06  Spore Crawler  
  67  8:07  Drone x3  
  68  8:17  Roach  
  54  8:54  Roach x3  
  54  8:55  Roach  
  62  8:56  Roach x2  
  66  9:04  Overlord x3  
  66  9:10  Overlord  
  65  9:45  Roach x7  
Show
View Real Time Build Order
Export as new Build Order

Immortal Protoss 

Build Orders:  

Get SALT Encoding   

Show
View Real Time Build Order
Export as new Build Order

Neon Zerg 

Build Orders:  

Get SALT Encoding   

Tags
 
Add a new tag
Caveats
  • Supply blocks, unpowered buildings, or Contaminate may cause inaccurate times.
  • Supply counts are checked every 10 seconds.